 Dungeon Crawl Stone Soup version 0.31-a0-164-g2312942fda (webtiles) character file.

Game seed: 1287542935923678252

198 benadryl the Trooper (level 6, -3/49 HPs)
             Began as a Djinni Ice Elementalist on June 13, 2023.
             Slain by a bullfrog (6 damage)
             ... in a sewer.
             The game lasted 00:05:11 (3508 turns).

benadryl the Trooper (Djinni Ice Elementalist)      Turns: 3508, Time: 00:05:11

Health: -3/49      AC:  2    Str:  7    XL:     6   Next: 6%
Gold:   214        EV: 12    Int: 19    God:
                   SH:  0    Dex: 13

rFire   + + .        o - +0 dagger (vamp)
rCold   x . .        (no shield)
rNeg    . . .        a - +0 robe
rPois   ∞            (no helmet)
rElec   .            (no cloak)
rCorr   .            (no gloves)
SInv    +            (boots unavailable)
Will    .....        (no amulet)
Stlth   ++           d - ring of see invisible
HPRegen 0.28/turn    (no ring)
MPRegen 0.00/turn

%: infuse magic (-4 HP)
@: attractive, flying, hasted, very quick
A: sickness immunity, fire resistance 2, cold vulnerability 1, float, innate
caster, HP casting, extra vitality 1
a: no special abilities


You were in a sewer.
You visited 1 branch of the dungeon, and saw 4 of its levels.
You also visited: Sewer.

You collected 214 gold pieces.

Inventory:

Hand Weapons
 b - a +0 whip
 o - a +0 vampiric dagger (weapon)
Armour
 a - a +0 robe (worn)
Magical Staves
 q - a staff of poison
Jewellery
 d - a ring of see invisible (left hand)
 l - a ring of fire
Scrolls
 e - a scroll of vulnerability {unknown}
 i - a scroll of blinking
 m - 3 scrolls of identify {@r1}
 n - a scroll of immolation {unknown}
Potions
 c - a potion of heal wounds {unknown}
 g - a potion of resistance {unknown}
 h - 2 potions of lignification
 j - 2 potions of haste
 k - a potion of curing {unknown}
 p - a potion of might {unknown}


   Skills:
 - Level 5.0 Fighting
 - Level 2.1 Dodging
 - Level 1.5 Stealth
 * Level 3.6 Spellcasting
 * Level 3.6 Conjurations
 * Level 3.6 Hexes
   Level 0.0 Charms
 * Level 3.6 Summonings
 * Level 3.6 Necromancy
 * Level 3.6 Translocations
 * Level 3.6 Transmutations
 * Level 3.6 Fire Magic
 * Level 3.6 Ice Magic
 * Level 3.6 Air Magic
 * Level 3.6 Earth Magic
 * Level 3.6 Poison Magic


You knew the following spells:

 Your Spells              Type           Power      Damage    Failure   Level
a - Freeze                Ice            68%        1d8       3%          1
b - Frozen Ramparts       Ice            34%        1d6       10%         3
c - Ozocubu's Armour      Ice            17%        N/A       10%         3
d - Summon Ice Beast      Ice/Summ       17%        N/A       32%         4
e - Foxfire               Conj/Fire      68%        2x1d7     3%          1
f - Wereblood             Tmut           17%        N/A       4%          2
Your spell library was empty.

Dungeon Overview and Level Annotations

Branches:
Dungeon (4/15)              Sewer (1/1)
 Temple: D:4-7

Altars:

Shops:
D:2 !


Innate Abilities, Weirdness & Mutations

You are immune to sickness and miasma.
You are immune to poison.
Your flesh is very heat resistant. (rF++)
You are vulnerable to cold. (rC-)
You float through the air rather than walking.
You learn spells naturally, not from books.
Your magical power is your life essence.
You have superior vitality. (+4 MHP)


Message History

You see here a staff of poison.
q - a staff of poison The bullfrog hits you.
The bullfrog hits you but does no damage.
The bullfrog completely misses you. The bullfrog barely misses you.
Casting: Foxfire (safe; 3% risk of failure)
Confirm with . or Enter, or press ? or * to list all spells.
You conjure some foxfire!
The bullfrog releases a deep croak.
The bullfrog hits you. x2
The bullfrog attacks as you move away! The bullfrog closely misses you.
The foxfire hits the bullfrog.
The bullfrog is lightly wounded.
The foxfire hits the bullfrog.
The bullfrog is moderately wounded.
The bullfrog hits you.
* * * LOW HITPOINT WARNING * * *
The bullfrog hits you.
* * * LOW HITPOINT WARNING * * *
Casting: Foxfire (safe; 3% risk of failure)
Confirm with . or Enter, or press ? or * to list all spells.
You conjure some foxfire!
* * * LOW HITPOINT WARNING * * *
The bullfrog barely misses you. The bullfrog hits you.
* * * LOW HITPOINT WARNING * * *
It was a potion of attraction.
You feel attractive to monsters.
The foxfire hits the bullfrog.
The bullfrog is moderately wounded.
The foxfire hits the bullfrog.
The bullfrog is moderately wounded.
The bullfrog hits you.
* * * LOW HITPOINT WARNING * * *
The bullfrog hits you.
* * * LOW HITPOINT WARNING * * *
The bullfrog hits you.
* * * LOW HITPOINT WARNING * * *
The bullfrog barely misses you.
It was a potion of haste.
You feel yourself speed up. The bullfrog hits you.
You die...

#.# #.~≈~.##.~.# #.#
##≈≈≈≈≈≈≈≈#.~≈~.##~~~#
#.# ##≈≈≈≈≈≈≈≈≈#.~≈~
#.~.# #.#
#≈≈≈≈≈≈≈≈~≈~.~≈~ ##~##
#.# #≈≈≈≈≈≈≈≈≈~≈.~≈~
#.# #.#
#≈≈≈≈.≈≈≈≈≈≈.~≈~. #.#
#.# ≈≈≈≈~..≈≈≈≈≈.~≈~.
#∩# #.#
≈≈≈≈~.[~≈≈≈≈~~≈~.# #.#
#.# ≈≈≈≈.=$F@≈≈≈~~≈~.#
#∩# #.#
≈≈≈≈≈?$F~≈≈≈≈~≈~.# #.#
#.# ≈≈≈≈≈~~~.†≈≈~≈≈~.#
### #.#
≈≈≈≈..~~†.≈~≈~≈~.# #~#
#≈≈~.~..†~≈~≈~≈~.# #~#
#≈~∩.††≈.~≈≈~≈≈~.# #~#
#≈≈~~~≈≈~≈≈≈~≈≈~.# #~#
##≈~≈≈≈~≈≈≈≈~≈≈~.# #~#
#≈≈≈≈~≈≈≈≈≈~~≈†.#


You could see 2 bullfrogs.

Vanquished Creatures
  A jelly (D:4)
  7 adders
  A worm (D:4)
  A dart slug (D:1)
  An orc (D:3)
  11 ball pythons
  8 endoplasms
  10 giant cockroaches
  6 goblins
  8 hobgoblins
  8 jackals
  4 kobolds
  2 quokkas (D:2)
  7 bats
  13 frilled lizards
  7 rats
95 creatures vanquished.

Vanquished Creatures (others)
  57 foxfires
57 creatures vanquished.

Grand Total: 152 creatures vanquished

Notes
Turn   | Place    | Note
-------+----------+-------------------------------------------
     0 | D:1      | benadryl the Djinni Ice Elementalist began the quest for
                  | the Orb.
     0 | D:1      | benadryl set off with the following spells memorised:
                  | Freeze, Frozen Ramparts, Ozocubu's Armour, Summon Ice
                  | Beast.
     0 | D:1      | Reached XP level 1. HP: 15/15 MP: 0/0
   179 | D:1      | Reached skill level 1 in Fighting
   241 | D:1      | Reached XP level 2. HP: 14/22 MP: 0/0
   607 | D:1      | Reached skill level 2 in Fighting
  1099 | D:2      | Reached XP level 3. HP: 29/29 MP: 0/0
  1099 | D:2      | Learned a level 1 spell: Foxfire
  1344 | D:2      | Found Ymmu's Distillery.
  1503 | D:2      | Reached skill level 3 in Fighting
  1969 | D:3      | Reached XP level 4. HP: 30/35 MP: 0/0
  2481 | D:3      | Reached skill level 4 in Fighting
  2626 | D:3      | Reached XP level 5. HP: 40/41 MP: 0/0
  2626 | D:3      | Learned a level 2 spell: Wereblood
  3210 | D:4      | Found a glowing drain.
  3233 | Sewer    | Entered a sewer
  3414 | Sewer    | Reached skill level 5 in Fighting
  3498 | Sewer    | Reached XP level 6. HP: 34/49 MP: 0/0
  3508 | Sewer    | Slain by a bullfrog

Illustrated notes

Levels and vault maps discovered:
D:1:      minmay_arrival_jagged, layout_loops_corners
D:2:      layout_loops_ring, serial_shops, nicolae_shop_crystal,
          minmay_misc_feat_room, minmay_box_of_dots
D:3:      minmay_recursive_quarters, layout_basic, hex_intersection
D:4:      layout_basic, cheibrodos_sewer_entry_bend, serial_shops, shop,
          minmay_misc_feat_cross, minmay_vboxes
Sewer:    sewer_frog_island_01

Skill      XL: |  1  2  3  4  5 |
---------------+----------------+-----
Fighting       | 1 2 3 4 5 |  5.0
Dodging        | |  2.1
Stealth        | |  1.5
Spellcasting   | |  3.6
Conjurations   | |  3.6
Hexes          | |  3.6
Summonings     | |  3.6
Necromancy     | |  3.6
Translocations | |  3.6
Transmutations | |  3.6
Fire Magic     | |  3.6
Ice Magic      | |  3.6
Air Magic      | |  3.6
Earth Magic    | |  3.6
Poison Magic   | |  3.6

Action                     |  1- 3 |  4- 6 || total
---------------------------+-------+-------++-------
  Melee: Whip              |    72 |    37 ||   109
         Punch             |     2 |       ||     2
   Cast: Freeze            |    28 |    35 ||    63
         Frozen Ramparts   |     2 |     4 ||     6
         Ozocubu's Armour  |     1 |       ||     1
         Foxfire           |       |    33 ||    33
    Use: Scroll            |     4 |     2 ||     6
         Potion            |       |     2 ||     2
   Stab: Sleeping          |     6 |     2 ||     8
 Armour: Robe              |    22 |    16 ||    38
  Dodge: Dodged            |    66 |    51 ||   117

Table legend: (Time is in decaauts)
 A = Elapsed time spent in this place.
 B = Non-inter-level travel time spent in this place.
 C = Inter-level travel time spent in this place.
 D = Time resting spent in this place.
 E = Time spent auto-exploring this place.
 F = Levels seen in this place.
 G = Mean time per level.
                   A        B        C        D        E       F      G
               +--------+--------+--------+--------+--------+-----+--------+
         Total |   3516 |   3340 |    176 |    382 |   2333 |   5 |  703.2 |
       Dungeon |   3241 |   3065 |    176 |    241 |   2333 |   4 |  810.2 |
         Sewer |    274 |    274 |      0 |    141 |      0 |   1 |  274.0 |
               +--------+--------+--------+--------+--------+-----+--------+

Top non-repeatable levels by time:
     D:1: 1000 daAuts
     D:3: 922 daAuts
     D:2: 910 daAuts
     D:4: 407 daAuts
   Sewer: 274 daAuts
